 Dungeon Crawl Stone Soup version 0.29.0-13-gc9e81de378 (webtiles) character file.

Game seed: 5901530547148783656

0 DKP the Sneak (level 1, -5/10 HPs)
             Began as a Felid Delver on Sept 9, 2022.
             Was an Initiate of Cheibriados.
             Slain by a sky beast (6 damage)
             ... on level 4 of the Dungeon.
             The game lasted 00:02:17 (169 turns).

DKP the Sneak (Felid Delver)                         Turns: 169, Time: 00:02:18

Health: -5/10      AC:  1    Str:  9    XL:     1   Next: 0%
Magic:  2/2        EV: 17    Int: 12    God:    Cheibriados [......]
Gold:   0          SH:  0    Dex: 18    Spells: 0/0 levels left
                                        Lives:  0   Deaths: 0

rFire   . . .      SeeInvis +     - Unarmed
rCold   . . .      Faith    .   (shield unavailable)
rNeg    . . .      Spirit   .   (body armour unavailable)
rPois   .          Reflect  .   (helmet unavailable)
rElec   .          Harm     .   (cloak unavailable)
rCorr   .          Rampage  .   (gloves unavailable)
Will    .....                   (boots unavailable)
Stlth   ++++......              (no amulet)
HPRegen 0.03/turn               (no ring)
MPRegen 0.08/turn               (no ring)

@: no status effects
A: very small, claws 1, fangs 3, see invisible, speed 1, shaggy fur 1, stealthy
paws, no weapons or thrown items, no armour, multi-lived
a: Renounce Religion


You were on level 4 of the Dungeon.
You worshipped Cheibriados.
Cheibriados was noncommittal.
You visited 2 branches of the dungeon, and saw 3 of its levels.

Inventory:

Wands
 e - a wand of digging (3)
Scrolls
 a - a scroll of fog
Potions
 d - a potion of haste


   Skills:
 - Level 3.0 Fighting
 - Level 2.6 Dodging
 + Level 6.6 Stealth
 * Level 2.0 Unarmed Combat


You couldn't memorise any spells.
You didn't know any spells.
Your spell library was empty.

Dungeon Overview and Level Annotations

Branches:
Dungeon (5/15)             Temple (1/1) D:5

Altars:
Cheibriados
Kikubaaqudgha
Makhleb
Sif Muna
Trog
The Shining One


Innate Abilities, Weirdness & Mutations

You have sharp claws.
You have razor-sharp teeth.
You have supernaturally acute eyesight. (SInv)
You cover ground quickly. (Speed+)
You are covered in fur. (AC +1)
Your paws help you pounce on unaware monsters.
You are incapable of wielding weapons or throwing items.
You cannot wear armour.
You gain extra lives every three experience levels.


Message History

Press: ? - help, Dir - move target, f - orc
Aim: an orc, wielding a +0 club and wearing a +0 chain mail (about 28% to evade your paws)
Okay, then.
Okay, then.
Okay, then.
You scratch the orc but do no damage. The orc misses you.
The sky beast flickers out of sight for a moment.
You scratch the orc but do no damage. You bite the orc, but do no damage.
The orc misses you.
You scratch the orc.
The orc is lightly wounded.
The orc hits you with a +0 club.
You scratch the orc but do no damage.
The orc is lightly wounded.
The orc closely misses you.
You barely miss the orc. You claw the orc, but do no damage.
The orc is lightly wounded.
The orc hits you with a +0 club.
You closely miss the orc. Your claw misses the orc.
The orc is lightly wounded.
The orc closely misses you.
You scratch the orc but do no damage.
The orc is lightly wounded.
The orc misses you.
Okay, then.
As you read the scroll of fear, it crumbles to dust.
You assume a fearsome visage.
The orc looks frightened! x2
You scratch the sky beast.
The sky beast is lightly wounded.
The sky beast closely misses you.
You closely miss the sky beast.
The sky beast is lightly wounded.
You scratch the sky beast.
The sky beast is moderately wounded.
The sky beast hits you.
* * * LOW HITPOINT WARNING * * *
The sky beast shocks you.
Ouch! That really hurt!
You die...

.. #.# # #.
#.# .##
##.##.# ...
####...#.##.#
......#..#.#
#.o/#o.#
#..>..##
#...#.Y##
##.##.#@# #.
#.##.# .. ..#
.# ##.#### .#
#. .. #. ##


You could see a sky beast (invisible) and 2 orcs.

Vanquished Creatures (others)
  2 plants (D:5)
2 creatures vanquished.

Notes
Turn   | Place    | Note
-------+----------+-------------------------------------------
     0 | D:5      | DKP the Felid Delver began the quest for the Orb.
     0 | D:5      | Reached XP level 1. HP: 10/10 MP: 2/2
     3 | D:5      | Found a staircase to the Ecumenical Temple.
     9 | Temple   | Entered the Ecumenical Temple
   123 | Temple   | Became a worshipper of Cheibriados the Contemplative
   149 | D:5      | Noticed an orc priest
   150 | D:5      | Noticed a hound
   154 | D:4      | Noticed a sky beast
   169 | D:4      | Slain by a sky beast

Illustrated notes

Levels and vault maps discovered:
D:4:      layout_loops_ring, xom_butterflies, mainiacjoe_overflow_tiny_flanked,
          nzn_wu_jian_contemplation, lemuel_round_altar,
          gammafunk_temple_overflow_forgotten
D:5:      layout_rooms, nicolae_elyvilon_temple_path, minmay_temple_entry_hall,
          bh_walls_and_bars
Temple:   nicolae_temple_superstar

Action                   || total
-------------------------++-------
Melee: Unarmed           ||    10
       Punch             ||     1
       Bite              ||     1
  Use: Scroll            ||     2
Dodge: Dodged            ||    13
